Map: Echo LE

Players

DrennoC

  • Race: Terran Terran
  • Spawn Location: 5:00

Beastyqt - Winner!

  • Race: Terran Terran
  • Spawn Location: 11:00

VOD

Have the link to the VOD?

Description

Time

  • Played on: April 3, 2015, 2:59 p.m.
  • Length: 17:25
Show
View Real Time Build Order
Export as new Build Order

DrennoC Terran 

Build Orders: MMM Bio 

Get SALT Encoding   

  12  0:01  SCV  
  13  0:13  SCV  
  14  0:25  SCV  
  14  0:27  Supply Depot  
  15  0:35  Refinery  
  15  0:48  SCV  
  16  0:51  Barracks  
  16  1:00  SCV  
  17  1:12  SCV  
  18  1:22  Barracks  
  18  1:25  SCV  
  19  1:37  SCV  
  20  1:40  Marine  
  21  1:49  Supply Depot  
  21  2:00  Command Center  
  21  2:07  SCV  
  22  2:09  Marine  
  22  2:11  Marine  
  24  2:20  Factory  
  24  2:28  Barracks Tech Lab  
  24  2:38  Supply Depot  
  24  2:42  Bunker  
  24  2:47  Orbital Command  
  24  2:57  Stimpack  
  24  3:06  Hellion  
  24  3:07  Barracks Reactor  
  25  3:21  SCV x2  
  25  3:25  Marine  
  28  3:33  SCV  
  27  3:42  Marine  
  27  3:49  Marine  
  27  3:50  Hellion  
  30  3:56  Starport  
  29  4:04  Marine  
  29  4:15  SCV  
  29  4:17  Orbital Command  
  30  4:26  Barracks  
  30  4:27  SCV, Engineering Bay, Barracks  
  31  4:35  Bunker  
  31  4:39  SCV, Marine  
  32  4:45  Medivac  
  32  4:51  SCV  
  35  4:55  Marine  
  35  4:56  Marine  
  34  5:07  Marine  
  34  5:09  SCV  
  34  5:13  SCV, Marine  
  34  5:14  Marine  
  39  5:16  Barracks Tech Lab  
  39  5:20  Marine  
  39  5:21  SCV  
  41  5:25  SCV, Marine  
  43  5:31  Marine  
  43  5:32  Marine  
  43  5:33  SCV  
  46  5:37  SCV  
  46  5:38  Marine  
  48  5:45  SCV  
  48  5:47  Refinery, Marine  
  48  5:48  Marauder  
  48  5:49  SCV, Marine  
  54  5:51  Missile Turret  
  54  5:56  Marine x2  
  51  5:57  SCV  
  51  6:00  Missile Turret  
  51  6:03  SCV  
  51  6:05  Marine  
  51  6:06  Marine  
  51  6:09  SCV  
  54  6:22  Supply Depot  
  54  6:23  Marine x2  
  54  6:24  Marauder  
  54  6:25  Supply Depot  
  53  6:26  Marauder  
  53  6:32  Supply Depot  
  54  6:35  Marine  
  54  6:39  SCV x2  
  57  6:41  Marine  
  57  6:42  Refinery  
  57  6:45  Marauder  
  60  6:47  Marauder  
  62  7:01  Command Center, Widow Mine  
  62  7:02  SCV x2  
  62  7:05  Terran Infantry Weapons Level 1  
  66  7:12  Marine x3  
  72  7:30  Marine x2  
  72  7:34  Medivac  
  72  7:36  Barracks x2  
  73  7:40  Barracks  
  67  7:52  Marauder x2, Marine x3  
  55  8:10  Marine x2  
  55  8:11  Marine  
  58  8:14  Marauder x2  
  58  8:16  Command Center  
  62  8:25  Engineering Bay  
  62  8:26  SCV x2  
  64  8:27  Marine  
  64  8:28  Marine x3  
  64  8:31  Combat Shields  
  68  8:34  Concussive Shells  
  68  8:35  Marauder x2  
  72  8:45  SCV x3  
  72  8:47  Medivac  
  72  8:48  Marine  
  78  8:57  Marauder  
  80  9:12  Marine  
  80  9:15  Marine  
  80  9:16  Marauder  
  82  9:22  Marine  
  73  9:33  Marine  
  73  9:34  Marine, Marauder  
  73  9:35  Marine x2  
  73  9:37  Starport Reactor  
  73  9:38  SCV x2  
  79  9:44  SCV x2  
  81  9:49  Terran Infantry Armor Level 1  
  81  9:56  Supply Depot  
  80  10:01  Marauder x2, Marine x2  
  80  10:04  Marine x2  
  80  10:06  Marine x2  
  84  10:12  SCV x2  
  88  10:21  SCV x2  
  88  10:23  Marauder x2  
  88  10:26  Barracks x2  
  88  10:27  Barracks  
  92  10:28  Medivac x2  
  92  10:30  Armory  
  96  10:44  SCV  
  96  10:45  SCV x2  
  99  10:59  Marauder, Marine x6  
  99  11:00  Marine  
  99  11:02  SCV, Orbital Command  
  99  11:03  SCV  
  110  11:12  Marine  
  110  11:17  Medivac x2, Marine x7  
  122  11:21  Marauder  
  122  11:22  Marine  
  124  11:32  Supply Depot  
  124  11:34  Supply Depot  
  124  11:36  Supply Depot  
  124  11:38  Supply Depot  
  124  11:40  Supply Depot  
  124  11:42  Marine x2  
  124  11:53  SCV x2, Marine x4  
  124  11:54  Marauder  
  132  11:55  Marauder, Medivac x2, Marine x2  
  132  11:58  Marine  
  132  12:00  Marine x2  
  143  12:01  Refinery  
  143  12:02  Supply Depot  
  143  12:03  Terran Infantry Weapons Level 2  
  143  12:06  Command Center  
  143  12:08  SCV x2  
  145  12:11  Refinery  
  145  12:15  Marine x2  
  148  12:16  Marauder  
  148  12:17  Marauder  
  148  12:20  Barracks Tech Lab  
  148  12:21  Barracks Tech Lab x2  
  151  12:24  SCV x2  
  151  12:25  Marine, Medivac  
  151  12:26  Refinery  
  151  12:29  Orbital Command  
  156  12:45  Marine, Medivac  
  156  12:46  Marine x4, Marauder x5  
  173  12:56  Marine  
  174  12:59  SCV x2  
  174  13:03  Marine  
  174  13:04  Marine  
  178  13:11  Marine x2  
  180  13:17  Marine x3  
  180  13:18  Marauder x3  
  189  13:22  Supply Depot x2  
  189  13:24  Supply Depot  
  189  13:28  Terran Infantry Armor Level 2  
  189  13:38  Marine  
  189  13:39  Marine x5, Marauder x5  
  172  13:45  Supply Depot  
  172  13:47  Orbital Command  
  172  13:48  Supply Depot  
  172  13:52  SCV x2, Refinery  
  174  13:56  Marine  
  174  13:57  Marine x4  
  174  14:00  Marauder  
  179  14:07  Marauder, Marine x3  
  179  14:08  Medivac, Marauder  
  160  14:14  Marine  
  160  14:15  Marine  
  162  14:22  Marauder  
  164  14:26  Marine  
  164  14:27  Marauder x2, Marine x3  
  172  14:33  Missile Turret x2  
  170  14:41  Medivac x2  
  170  14:42  Marine x2  
  170  14:43  Marine, Marauder x2  
  181  14:50  Marine x2  
  181  14:51  Marauder x2  
  177  15:01  Marine  
  177  15:04  Missile Turret  
  177  15:06  Missile Turret  
  176  15:07  Missile Turret  
  176  15:10  Marine x4  
  176  15:12  Medivac  
  176  15:13  Marauder, Marine x2, Medivac  
  176  15:14  Marauder  
  175  15:25  Marine  
  175  15:26  Marauder, Marine  
  175  15:27  Marine  
  175  15:28  Marine x3  
  174  15:31  Marine  
  174  15:32  Missile Turret  
  174  15:34  SCV x3  
  174  15:35  Missile Turret  
  177  15:42  Medivac  
  177  15:43  Medivac  
  180  15:54  Marine x3  
  180  15:55  Marauder x3  
  187  16:07  Marine  
  187  16:08  Marauder x2, Marine x2  
  194  16:15  Marine  
  194  16:16  Marauder, Marine x3  
  200  16:27  Missile Turret  
  200  16:30  Missile Turret  
  200  16:39  Marine x5  
  196  16:43  SCV x2  
  196  16:46  Viking  
  198  17:00  Marine  
  198  17:01  Marine  
  200  17:02  Command Center  
Show
View Real Time Build Order
Export as new Build Order

Beastyqt Terran - Winner!

Build Orders: Cyclone Opening, Mech, Siege Tank Drop 

Get SALT Encoding   

  12  0:01  SCV  
  13  0:13  SCV  
  14  0:18  Supply Depot  
  14  0:25  SCV  
  15  0:28  Refinery  
  15  0:40  SCV  
  16  0:46  Barracks  
  16  0:52  SCV  
  17  1:04  SCV  
  18  1:16  SCV  
  19  1:27  Refinery  
  19  1:28  SCV  
  20  1:35  Factory  
  20  1:40  Orbital Command  
  20  1:42  Barracks Tech Lab  
  20  1:50  Supply Depot  
  20  2:08  SCV  
  21  2:12  Supply Depot  
  21  2:20  SCV  
  22  2:26  Cyclone  
  25  2:32  SCV  
  25  2:33  Starport  
  26  2:47  SCV  
  26  2:50  Barracks Reactor  
  27  2:53  Command Center  
  27  3:01  SCV  
  27  3:03  Siege Tank  
  31  3:07  Supply Depot  
  31  3:13  SCV  
  32  3:22  Medivac  
  32  3:25  SCV  
  32  3:26  Marine x2  
  37  3:29  Supply Depot  
  37  3:37  SCV  
  38  3:45  Siege Tank  
  41  3:48  Marine x2  
  41  3:54  SCV  
  44  4:06  SCV  
  44  4:08  Orbital Command  
  45  4:10  Medivac  
  44  4:18  SCV  
  44  4:19  Marine x2  
  47  4:31  SCV  
  48  4:32  Refinery  
  48  4:34  Command Center, Refinery  
  48  4:35  SCV  
  49  4:43  SCV, Siege Tank  
  53  4:48  SCV  
  53  4:50  Marine x2  
  56  4:53  Supply Depot  
  56  4:55  SCV  
  57  5:03  SCV  
  58  5:10  SCV  
  58  5:11  Marine x2, Starport Reactor  
  61  5:15  SCV  
  61  5:17  Factory  
  61  5:18  Factory  
  62  5:22  SCV  
  62  5:23  Engineering Bay  
  62  5:24  Armory  
  62  5:27  SCV  
  64  5:33  Supply Depot  
  64  5:34  SCV  
  65  5:40  SCV, Barracks Tech Lab  
  66  5:46  Siege Tank  
  66  5:47  Orbital Command  
  66  5:48  SCV  
  70  5:53  Missile Turret  
  70  5:58  SCV  
  70  6:00  Viking  
  73  6:05  SCV  
  73  6:10  SCV  
  75  6:13  Terran Vehicle and Ship Weapons Level 1  
  75  6:15  Missile Turret  
  75  6:16  SCV  
  75  6:17  SCV, Missile Turret, Supply Depot  
  77  6:27  SCV  
  77  6:28  Siege Tank x2  
  77  6:30  SCV  
  77  6:31  SCV  
  86  6:38  Missile Turret x2  
  86  6:39  SCV  
  87  6:41  Viking x2  
  87  6:43  SCV x2  
  93  6:48  Missile Turret  
  93  6:53  SCV  
  94  6:56  Hellion x2, Infernal Pre-Igniter  
  94  6:57  SCV  
  94  6:59  SCV  
  94  7:00  Supply Depot  
  100  7:04  Refinery  
  100  7:05  SCV  
  100  7:06  Supply Depot, Refinery  
  101  7:10  SCV  
  101  7:11  Sensor Tower  
  102  7:18  SCV  
  102  7:21  Viking  
  102  7:22  Viking, Siege Tank  
  112  7:23  Hellion  
  112  7:26  SCV  
  113  7:31  Supply Depot  
  113  7:32  Supply Depot  
  113  7:33  SCV  
  113  7:36  Siege Tank  
  117  7:39  Supply Depot  
  117  7:40  SCV  
  116  7:52  Hellion x2  
  116  7:53  SCV  
  116  7:55  SCV  
  110  8:05  Sensor Tower  
  110  8:06  Command Center  
  110  8:08  Unknown  
  107  8:13  Cyclone x2  
  107  8:18  Supply Depot  
  107  8:19  Supply Depot  
  113  8:20  Supply Depot  
  113  8:28  Hellion x2  
  113  8:29  Viking x2  
  121  8:45  Cyclone  
  121  8:46  Command Center  
  123  8:48  Command Center  
  123  8:54  Cyclone  
  130  8:55  Hellion x2  
  130  9:04  Building Armor  
  130  9:14  Starport  
  130  9:15  Starport  
  128  9:24  Hellion x2  
  131  9:25  Command Center  
  131  9:28  Hellion, Starport  
  131  9:30  Starport, Fusion Core  
  124  9:38  Terran Vehicle and Ship Weapons Level 2  
  122  9:40  Armory  
  122  9:41  Hellion  
  122  9:45  Hellion x2  
  128  9:47  Missile Turret  
  128  9:49  Missile Turret  
  128  9:51  Missile Turret  
  122  10:02  Starport Tech Lab  
  108  10:10  Cyclone  
  108  10:11  Cyclone  
  108  10:12  Orbital Command  
  114  10:16  Orbital Command  
  114  10:29  Planetary Fortress  
  114  10:36  Starport Tech Lab  
  114  10:38  Starport Tech Lab  
  114  10:40  Behemoth Reactor  
  114  10:42  Starport Tech Lab  
  114  10:43  Cyclone x2  
  114  10:44  Hellion  
  114  10:45  Hellion  
  124  10:55  Command Center  
  124  10:57  Refinery  
  124  11:01  Refinery  
  124  11:06  Terran Vehicle And Ship Armor Level 1, Hellion x2, Planetary Fortress  
  124  11:10  Missile Turret  
  128  11:12  Missile Turret  
  128  11:15  Hellion  
  130  11:31  Missile Turret  
  130  11:33  Battlecruiser  
  130  11:35  Battlecruiser  
  130  11:37  Weapon Refit  
  142  11:40  Command Center  
  136  11:48  Hellion  
  136  11:49  Hellion  
  136  11:50  Battlecruiser, Hellion x2  
  150  12:16  Battlecruiser  
  156  12:24  Missile Turret  
  156  12:35  Cloaking Field, Hyperflight Rotors  
  156  12:44  Missile Turret  
  156  12:52  Banshee x2  
  156  12:54  Banshee  
  156  12:55  Hellion x4  
  156  12:56  Planetary Fortress  
  173  13:02  Missile Turret  
  173  13:07  Planetary Fortress  
  173  13:10  Missile Turret  
  173  13:16  Hellion  
  175  13:21  Refinery  
  175  13:25  Refinery  
  175  13:26  Banshee, Viking x2  
  182  13:31  Sensor Tower  
  172  14:24  Siege Tank x2  
  172  14:25  Hellion x2  
  182  14:32  Battlecruiser  
  182  14:33  Battlecruiser x2  
  197  15:36  Command Center  
  194  15:57  Starport Tech Lab  
  194  16:14  Siege Tank x2  
  194  16:56  Hellion  
Tags
 
Composition
MMM BioMech
Matchup
TvT
Race
Terran
Spawn Locations
Cross Positions
Add a new tag
Caveats
  • Supply blocks, unpowered buildings, or Contaminate may cause inaccurate times.
  • Supply counts are checked every 10 seconds.